 Dungeon Crawl Stone Soup version 0.16-a0-2558-g6680ffd (webtiles) character file.

99064 PolkaDot the Summoner (level 15, -1/90 HPs)
             Began as a Vampire Summoner on Nov 19, 2014.
             Was the Champion of Sif Muna.
             Slain by the 27-headed Lernaean hydra (10 damage)
             ... on level 5 of the Swamp on Nov 20, 2014.
             The game lasted 04:22:18 (42365 turns).

PolkaDot the Summoner (Vampire Summoner)           Turns: 42365, Time: 04:22:18

Health: -1/90      AC: 29    Str:  7    XL:     15   Next: 76%
Magic:  28/41      EV:  9    Int: 25    God:    Sif Muna [******]
Gold:   1210       SH:  0    Dex: 12    Spells: 10 memorised, 2 levels left

rFire  . . .     SeeInvis +     a - +7 trident (protect)
rCold  . . .     Clarity  .     K - quicksilver dragon armour
rNeg   . . .     SustAb   .     (no shield)
rPois  +         Gourm    .     l - +0 helmet
rElec  .         Spirit   .     Q - +2 cloak
rCorr  .         Warding  .     P - +0 pair of gloves
rMut   .         Stasis   .     s - +2 pair of boots
MR     ++...                    (no amulet)
Stlth  ++........               G - ring of Eternity {rPois Int+3 Dex-2}
                                i - ring of magical power

@: exhausted, about to teleport, regenerating quickly, slowed, studying
Polearms, very slow, very resistant to hostile enchantments, unstealthy
A: bottle blood, fangs 3, see invisible, unbreathing
a: Channel Energy, Forget Spell, Renounce Religion


You were on level 5 of the Swamp.
You worshipped Sif Muna.
Sif Muna was exalted by your worship.
You were very full.

You visited 5 branches of the dungeon, and saw 33 of its levels.
You also visited: Labyrinth and Volcano.

You collected 3064 gold pieces.
You spent 1854 gold pieces at shops.

Inventory:

Hand weapons
 a - a +7 trident of protection (weapon)
 b - a +1 vampiric halberd
Missiles
 O - 3 throwing nets (quivered)
Armour
 l - a +0 helmet (worn)
 s - a +2 pair of boots (worn)
 K - a quicksilver dragon armour (worn)
 P - a +0 pair of gloves (worn)
 Q - a +2 cloak (worn)
Jewellery
 i - a ring of magical power (left hand)
 n - an uncursed amulet of rage {unknown}
 v - an uncursed amulet of resist mutation
 G - the ring of Eternity (right hand) {rPois Int+3 Dex-2}
   (You found it on level 1 of the Lair of Beasts)

   [ring of dexterity]

   It affects your intelligence (+3).
   It affects your dexterity (-2).
   It protects you from poison.
 L - an uncursed amulet of resist corrosion
 T - an uncursed ring of sustain abilities
Magical devices
 f - a wand of digging (18)
 g - a wand of cold (7)
 k - a wand of disintegration (14)
 q - a wand of fire (0)
 x - a wand of draining (0)
 C - a wand of hasting (2)
 V - a wand of draining (9)
Scrolls
 d - 6 scrolls of remove curse
 e - 2 scrolls of teleportation
 j - 2 scrolls of fog
 m - 9 scrolls of recharging
 p - a scroll of enchant armour
 t - 3 scrolls of immolation
 u - 2 scrolls of magic mapping
 y - 2 scrolls of amnesia
 F - 3 scrolls of brand weapon
 J - 3 scrolls of summoning
 R - a scroll of acquirement {unknown}
 W - 2 scrolls of identify
Potions
 o - 3 potions of flight
 w - a potion of resistance
 z - 2 potions of berserk rage
 A - a potion of restore abilities
 B - 2 potions of magic
 E - 2 potions of cancellation
 S - a potion of brilliance
 U - 2 potions of cure mutation {!q}
Books
 c - a Young Poisoner's Handbook

   Spells                             Type                      Level
   Sting                              Conjuration/Poison           1
   Cure Poison                        Poison                       2
   Mephitic Cloud                     Conjuration/Poison/Air       3
   Olgreb's Toxic Radiance            Poison                       4
   Venom Bolt                         Conjuration/Poison           5
 r - Sif Muna's Early Guide to Sorcery
   (Sif Muna gifted it to you on level 5 of the Swamp)

   Spells                             Type                      Level
   Ozocubu's Armour                   Charms/Ice                   3
   Dazzling Spray                     Conjuration/Hexes            3
   Inner Flame                        Hexes/Fire                   3
   Vampiric Draining                  Necromancy                   3
   Abjuration                         Summoning                    3
 D - a manual of Polearms
 H - a Fen Folio

   Spells                             Type                      Level
   Corpse Rot                         Necromancy                   2
   Stone Arrow                        Conjuration/Earth            3
   Leda's Liquefaction                Hexes/Earth                  4
   *Summon Forest                     Summoning/Translocation      5
   Hydra Form                         Transmutation                6
   Summon Hydra                       Summoning                    7
 M - a book of Enchantments

   Spells                             Type                      Level
   Tukima's Dance                     Hexes                        3
   Cause Fear                         Hexes                        4
   Silence                            Hexes/Air                    5
   Deflect Missiles                   Charms/Air                   6
   Haste                              Charms                       6
   Discord                            Hexes                        8
 N - Sif Muna's Reference Book on Creative Ice
   (Sif Muna gifted it to you on level 2 of the Lair of Beasts)

   Spells                             Type                      Level
   Freeze                             Ice                          1
   *Summon Butterflies                Summoning                    1
   Ensorcelled Hibernation            Hexes/Ice                    2
   Ice Form                           Ice/Transmutation            4
   Summon Demon                       Summoning                    5
   Summon Greater Demon               Summoning                    7
 X - a book of Party Tricks

   Spells                             Type                      Level
   *Summon Butterflies                Summoning                    1
   *Apportation                       Translocation                1
   Blink                              Translocation                2
   Tukima's Dance                     Hexes                        3
   Alistair's Intoxication            Transmutation/Poison         4


   Skills:
 - Level 12.0 Polearms
 - Level 10.1 Armour
 - Level 2.1 Dodging
 - Level 3.0 Stealth
 * Level 10.1 Spellcasting
 - Level 9.6 Hexes
 + Level 14.8 Summonings
 - Level 4.6 Translocations
 - Level 4.0 Transmutations
 - Level 8.0 Ice Magic
 - Level 6.1 Air Magic
 - Level 4.0 Earth Magic
 - Level 6.0 Invocations


You had 2 spell levels left.
You knew the following spells:

 Your Spells              Type           Power        Failure   Level  Hunger
b - Summon Butterflies    Summ           ######..     0%          1    None
d - Call Canine Familiar  Summ           ######..     1%          3    None
f - Summon Forest         Summ/Tloc      ######....   3%          5    ####...
g - Summon Guardian Gole  Hex/Summ       ######..     1%          4    None
i - Summon Ice Beast      Ice/Summ       ######..     1%          4    None
l - Summon Lightning Spi  Summ/Air       ######..     1%          4    None
p - Passwall              Trmt/Erth      ####......   3%          3    None
s - Call Imp              Summ           ######..     1%          2    None
v - Summon Mana Viper     Hex/Summ       ######..     1%          5    ####...
A - Apportation           Tloc           #####.....   1%          1    None


Dungeon Overview and Level Annotations

Branches:
Dungeon (15/15)            Temple (1/1) D:4            Lair (8/8) D:9
  Swamp (5/5) Lair:5       Spider (0/5) Lair:6        Slime (0/6) Lair:7
    Orc (4/4) D:10            Elf (0/3) Orc:3        Vaults (0/5) D:14
 Depths (0/5) D:15

Altars:
Ashenzari
Cheibriados
Dithmenos
Elyvilon
Fedhas
Gozag
Kikubaaqudgha
Makhleb
Nemelex Xobeh
Okawaru
Qazlal
Ru
Sif Muna
Trog
Vehumet
Xom
Yredelemnul
Zin
The Shining One
Beogh

Shops:
D:9 %   D:14 ?   Orc:2 :   Orc:4 ![?[

Annotations:
Swamp:5 Lernaean hydra


Innate Abilities, Weirdness & Mutations

Your natural rate of healing is unusually fast.
You can bottle blood from corpses.
You have razor-sharp teeth.
You have supernaturally acute eyesight.
You can survive without breathing.


Message History

* * * LOW HITPOINT WARNING * * *
The 27-headed Lernaean hydra bites you.
* * * LOW HITPOINT WARNING * * *
The 27-headed Lernaean hydra bites you but does no damage. x5
The 27-headed Lernaean hydra bites you!
* * * LOW HITPOINT WARNING * * *
The 27-headed Lernaean hydra bites you!
* * * LOW HITPOINT WARNING * * *
The 27-headed Lernaean hydra bites you but does no damage. x5
The 27-headed Lernaean hydra bites you.
* * * LOW HITPOINT WARNING * * *
The 27-headed Lernaean hydra bites you but does no damage. x2
The 27-headed Lernaean hydra bites you!
* * * LOW HITPOINT WARNING * * *
The 27-headed Lernaean hydra bites you.
* * * LOW HITPOINT WARNING * * *
The 27-headed Lernaean hydra closely misses you.
The 27-headed Lernaean hydra bites you but does no damage.
The 27-headed Lernaean hydra bites you!
You die...

≈.. .... ....≈.♣#
#≈..≈≈#≈.≈##†≈.#≈.##
#≈≈.♣≈≈≈.#.♣.§.≈.≈.#
##≈.§≈≈≈≈≈≈≈≈§§.♣≈≈##
#≈≈≈.≈♣#.≈≈≈§§§.≈§≈#
#≈...#♣≈≈##§§≈.≈≈##
#≈§§≈≈#.≈#Y♣§≈≈≈.#
#≈≈≈#≈≈≈#≈♣≈R≈≈#.##
##≈≈.....@D....≈§≈.#
#≈≈#.≈.≈§≈≈≈≈≈≈≈§≈≈#
#≈#≈÷.≈.≈#≈.≈.#≈≈≈.≈#
##≈#.#.≈≈§≈≈≈.###≈≈≈≈
#≈..†≈##≈≈≈.## #≈≈≈ ♣
#≈#[÷###≈≈#≈≈≈ #≈
♣≈##≈..# #####≈# .
##.## ## ♣≈#.≈## ♣


You could see the 27-headed Lernaean hydra, a friendly dryad and a friendly ice
beast.

Vanquished Creatures
  2 hydras
  Fannar (Lair:2)
  A centaur warrior (D:14)
  A death yak (Lair:8)
  2 alligators (Swamp:3)
  Urug (D:13)
  An unseen horror (D:13)
  2 catoblepae (Lair:8)
  A skeletal warrior (D:13)
  2 hill giants
  A necromancer (D:15)
  A swamp dragon (Swamp:5)
  An orc knight (D:15)
  A griffon (D:15)
  An elephant (Lair:7)
  4 centaur zombies
  A stone giant skeleton (D:15)
  7 spiny frogs
  A guardian mummy (Volcano)
  2 giant leeches
  A trapdoor spider zombie (D:13)
  8 bog bodies
  A troll (D:15)
  2 blink frogs (Lair:2)
  A vampire (Volcano)
  A trapdoor spider (D:13)
  2 basilisks
  5 shadows
  A wraith (D:14)
  A hungry ghost (D:10)
  2 hippogriffs
  11 yaks
  19 swamp worms
  Menkaure (D:5)
  12 vampire mosquitoes
  A mottled dragon (D:11)
  11 water moccasins
  4 porcupines
  3 wargs
  6 orc warriors
  7 swamp drakes
  2 eyes of draining
  An ice beast (Lair:2)
  3 phantoms
  A necrophage (D:15)
  3 ogres
  A yellow wasp (Swamp:4)
  A torpor snail zombie (D:15)
  7 crocodiles
  3 sky beasts
  2 centaurs (D:11)
  A boring beetle (D:9)
  19 giant frogs
  Blork the orc (D:9)
  A wyvern zombie (D:11)
  3 insubstantial wisps (Swamp:5)
  A killer bee (D:11)
  3 scorpions
  A wight (D:9)
  A troll skeleton (Volcano)
  8 crimson imps
  A quasit (D:7)
  15 orc priests
  2 jellies
  A giant frog skeleton (D:12)
  7 hounds
  5 iguanas
  23 orc wizards
  4 centaur skeletons
  A two-headed ogre skeleton (Volcano)
  5 worker ants
  A sheep (Lair:8)
  A hound zombie (D:10)
  A hound skeleton (D:8)
  3 mummies (Volcano)
  3 worker ant zombies
  5 river rats
  18 adders
  5 shadow imps
  A giant mite (D:5)
  An adder zombie (D:9)
  4 giant geckos
  136 orcs
  22 bats
  A bat zombie (D:5)
  6 giant cockroaches
  13 goblins
  14 hobgoblins
  4 jackals
  7 quokkas
  2 ball pythons
  A giant gecko zombie (D:5)
  3 giant newts
  14 kobolds
  14 rats
  A fungus (Lair:1)
542 creatures vanquished.

Vanquished Creatures (collateral kills)
  Asterion (Swamp:1)
  A thorn hunter (Swamp:4)
  Donald (Swamp:1)
  Maud (Swamp:1)
  Louise (Swamp:1)
  A ghoul (Swamp:3)
  A very ugly thing (Swamp:3)
  Azrael (D:14)
  Josephine (D:11)
  A minotaur (Lab)
  17 hydras
  A ghost crab (Swamp:5)
  Nessos (Orc:4)
  4 alligators
  Erica (D:13)
  3 centaur warriors (D:15)
  An ogre mage (D:14)
  18 death yaks
  2 orc high priests (Orc:4)
  2 catoblepae
  6 swamp dragons
  6 skeletal warriors
  Erolcha (Orc:2)
  A mana viper (D:15)
  A wizard (D:15)
  3 shambling mangroves
  2 spriggan druids (Swamp:4)
  3 hill giants
  An unseen horror (D:14)
  A flayed ghost (D:15)
  4 oklob plants (Lair:7)
  A frost giant zombie (D:15)
  3 red wasps (Swamp:3)
  A wolf spider (Lair:6)
  4 orc sorcerers (Orc:4)
  3 cyclopes (D:15)
  3 manticores
  10 ugly things
  5 black mambas
  A siren (Lair:4)
  3 elephants (Lair:7)
  Maurice (D:13)
  Joseph (Orc:2)
  2 centaur skeletons
  A gargoyle (D:13)
  A torpor snail (Lair:5)
  12 spiny frogs
  Psyche (D:8)
  9 komodo dragons
  2 kobold demonologists (D:15)
  A yaktaur (D:15)
  A wandering mushroom (Lair:7)
  A merfolk (Lair:4)
  2 polar bears
  A jumping spider (shapeshifter) (D:15)
  3 two-headed ogres
  6 trolls
  3 baby alligators
  Sonja (Orc:3)
  2 giant leeches
  4 ravens (Swamp:1)
  2 minotaur skeletons (Volcano)
  Grinder (D:3)
  A fire dragon zombie (D:15)
  7 slime creatures (Swamp:3)
  6 bog bodies (Swamp:3)
  4 basilisks
  2 trapdoor spiders
  28 blink frogs
  3 fire elementals (D:14)
  8 spriggans
  2 wyverns
  63 yaks
  A flying skull (Volcano)
  2 wraiths
  A vampire (Volcano)
  2 deep elf magi
  An orc zombie (Orc:4)
  2 humans (D:8)
  Grum (D:9)
  7 hippogriffs
  21 vampire mosquitoes
  5 wargs
  A soldier ant (D:9)
  13 swamp worms
  2 steam dragons
  9 wolves
  18 water moccasins
  5 porcupines
  3 mottled dragons
  5 hell hounds (D:14)
  2 black bears
  2 merfolk skeletons (Volcano)
  3 phantoms
  7 swamp drakes
  21 orc warriors
  14 ice beasts
  A spider (D:9)
  5 necrophages
  2 sky beasts
  8 ogres
  11 yellow wasps
  14 centaurs
  2 boring beetles
  9 crocodiles
  2 manticore skeletons (Volcano)
  A brain worm (D:13)
  5 big kobolds
  A spectral water moccasin (Swamp:5)
  8 giant frogs
  A wyvern zombie (D:6)
  7 insubstantial wisps (Swamp:5)
  A scorpion (D:7)
  2 wights (D:9)
  5 electric eels
  12 killer bees
  A spriggan skeleton (Volcano)
  A centaur zombie (D:12)
  A wyvern simulacrum (D:11)
  A giant frog zombie (D:11)
  A goliath beetle (D:8)
  21 orc priests
  7 crimson imps
  A giant frog skeleton (D:12)
  3 hounds
  7 jellies
  30 orc wizards
  An iguana (Lair:4)
  5 worker ants
  A killer bee zombie (D:11)
  5 sheep
  An ogre skeleton (Volcano)
  A naga skeleton (Volcano)
  A hound zombie (D:6)
  A hound skeleton (D:11)
  A worker ant zombie (D:7)
  8 adders
  16 river rats
  A white imp (Lair:8)
  2 shadow imps
  5 worms
  An orc skeleton (Orc:4)
  2 adder skeletons
  An ooze (D:4)
  80 orcs
  A giant cockroach (D:6)
  5 goblins
  5 hobgoblins
  4 jackals
  4 bats
  2 giant geckos
  3 giant newts
  8 kobolds
  5 quokkas
  3 rats
  6 briar patches (Swamp:4)
  3 butterflies (Lair:3)
  3 fungi
  4 plants
813 creatures vanquished.

Vanquished Creatures (others)
  Norris (Swamp:4)
  A death yak (Lair:8)
  31 mana vipers
  2 ugly things (D:15)
  A spiny frog (Swamp:1)
  A siren (Lair:4)
  A dryad (Swamp:4)
  A merfolk (Lair:4)
  25 guardian golems
  A blink frog (Lair:2)
  160 ice beasts
  2 vampire mosquitoes (Swamp:1)
  31 wargs
  28 wolves
  An insubstantial wisp (Swamp:5)
  14 lightning spires
  2 killer bees (D:11)
  7 hounds (D:8)
  7 crimson imps
  4 iron imps
  3 shadow imps
  4 white imps
  2 orcs
  5 bats
  2 quokkas
  4 rats
  7 butterflies
  4 fungi
  4 snaplasher vines (Swamp:4)
  216 snaplasher vine segments
572 creatures vanquished.

Grand Total: 1927 creatures vanquished

Notes
Turn   | Place    | Note
--------------------------------------------------------------
     0 | D:1      | PolkaDot, the Vampire Summoner, began the quest for the Orb.
     0 | D:1      | Reached XP level 1. HP: 13/13 MP: 3/3
   301 | D:1      | Reached XP level 2. HP: 11/19 MP: 0/4
   389 | D:1      | Learned a level 2 spell: Call Imp
  1318 | D:2      | Found an opulent altar of Gozag.
  1382 | D:2      | Reached skill level 5 in Summonings
  1382 | D:2      | Reached XP level 3. HP: 13/24 MP: 6/6
  1580 | D:2      | HP: 1/24 [kobold (2)]
  2118 | D:2      | Learned a level 3 spell: Call Canine Familiar
  2480 | D:3      | Reached XP level 4. HP: 10/30 MP: 2/7
  2957 | D:3      | Noticed Grinder
  2967 | D:3      | Paralysed by Grinder for 7 turns
  2979 | D:3      | Killed Grinder
  2979 | D:3      | Reached skill level 6 in Summonings
  2979 | D:3      | Reached XP level 5. HP: 12/35 MP: 2/9
  3143 | D:3      | Found a white marble altar of Elyvilon.
  3221 | D:4      | Reached skill level 7 in Summonings
  3519 | D:4      | Found a staircase to the Ecumenical Temple.
  3524 | Temple   | Entered the Ecumenical Temple
  3780 | D:4      | Found an ancient bone altar of Kikubaaqudgha.
  3942 | D:4      | Reached XP level 6. HP: 41/41 MP: 10/10
  4381 | D:5      | Entered Level 5 of the Dungeon
  4412 | D:5      | Got a pitted hand axe
  4413 | D:5      | Identified the +10 hand axe of the Sun {chop, Str+3 Dex+1} (You found it on level 5 of the Dungeon)
  4423 | D:5      | Found a shattered altar of Ashenzari.
  4459 | D:6      | Found a glowing golden altar of the Shining One.
  4491 | D:6      | Reached skill level 8 in Summonings
  4494 | D:6      | Found a sacrificial altar of Ru.
  4539 | D:6      | Noticed a yak
  4539 | D:6      | Noticed a yak
  4541 | D:6      | Noticed a yak
  4668 | D:8      | Noticed Psyche
  4680 | D:8      | Killed Psyche
  4680 | D:8      | Reached skill level 9 in Summonings
  4680 | D:8      | Reached XP level 7. HP: 21/46 MP: 1/12
  4771 | D:8      | Learned a level 4 spell: Summon Ice Beast
  4885 | D:8      | Found an iron altar of Okawaru.
  4888 | D:8      | Noticed a human
  4888 | D:8      | Noticed a human
  4914 | D:8      | Killed a human
  4927 | D:8      | Killed a human
  4927 | D:8      | Reached skill level 10 in Summonings
  4999 | D:8      | Reached XP level 8. HP: 38/52 MP: 13/13
  5104 | D:8      | Found a shadowy altar of Dithmenos.
  5255 | D:8      | Noticed a hippogriff
  5264 | D:8      | Killed a hippogriff
  5454 | D:8      | Reached skill level 11 in Summonings
  5649 | D:8      | Found a shimmering altar of Xom.
  5650 | D:8      | Found a shimmering altar of Xom.
  5650 | D:8      | Found a shimmering altar of Xom.
  5658 | D:8      | Found a shimmering altar of Xom.
  5745 | D:8      | Found a sparkling altar of Nemelex Xobeh.
  5846 | D:8      | Found a radiant altar of Vehumet.
  5846 | D:8      | Found a deep blue altar of Sif Muna.
  5856 | D:8      | Became a worshipper of Sif Muna the Loreminder
  6142 | D:8      | Noticed a brown ugly thing
  6367 | D:8      | Found a blossoming altar of Fedhas.
  6400 | D:7      | Reached skill level 1 in Ice Magic
  6518 | D:7      | Reached XP level 9. HP: 55/57 MP: 1/14
  6940 | D:7      | Acquired Sif Muna's first power
  7711 | D:6      | Killed a yak
  7711 | D:6      | Reached skill level 5 in Ice Magic
  7717 | D:6      | Killed a yak
  7724 | D:6      | Killed a yak
  8389 | D:6      | Acquired Sif Muna's second power
  9068 | D:5      | Noticed a water moccasin
  9075 | D:5      | Killed a water moccasin
  9083 | D:5      | Noticed Menkaure
  9090 | D:5      | Killed Menkaure
  9458 | D:8      | Killed a brown ugly thing
  9458 | D:8      | Reached skill level 12 in Summonings
  9472 | D:8      | Noticed an unseen horror
  9617 | D:9      | Reached XP level 10. HP: 21/63 MP: 9/18
  9623 | D:9      | Learned a level 4 spell: Summon Guardian Golem
  9624 | D:9      | Found an iron altar of Okawaru.
  9757 | D:9      | Reached skill level 1 in Hexes
  9788 | D:9      | Found Saav's Food Shop.
  9864 | D:9      | Noticed a centaur zombie
  9887 | D:9      | Killed a centaur zombie
  9887 | D:9      | Reached skill level 5 in Hexes
  9950 | D:9      | Noticed Grum
  9990 | D:9      | Killed Grum
 10135 | D:9      | Found a staircase to the Lair.
 10141 | D:9      | Acquired Sif Muna's third power
 10444 | D:9      | Found a glowing silver altar of Zin.
 10593 | D:9      | Noticed Blork the orc
 10610 | D:9      | Killed Blork the orc
 10877 | D:9      | Learned a level 4 spell: Summon Lightning Spire
 10889 | D:10     | Entered Level 10 of the Dungeon
 11087 | D:10     | Noticed a hill giant
 11095 | D:10     | Killed a hill giant
 11238 | D:10     | Noticed a hill giant
 11246 | D:10     | Killed a hill giant
 11390 | D:10     | Found a staircase to the Orcish Mines.
 11483 | D:10     | Reached XP level 11. HP: 64/68 MP: 22/22
 11922 | D:10     | Reached skill level 5 in Air Magic
 12894 | D:11     | Reached skill level 5 in Spellcasting
 12949 | D:11     | Noticed Josephine
 12977 | D:11     | Killed Josephine
 12977 | D:11     | Reached skill level 1 in Invocations
 13332 | D:12     | Found a labyrinth entrance.
 13340 | Lab      | Entered a labyrinth
 13630 | Lab      | Found an exit through the horrors of the Abyss.
 13731 | Lab      | Noticed a minotaur
 13746 | Lab      | Killed a minotaur
 13766 | Lab      | Got a brightly glowing crystal amulet
 13767 | Lab      | Identified the amulet "Psenoa" {Stasis Str-3 Int-3 Dex+3} (You found it in a labyrinth)
 13772 | Lab      | Got an iridescent shortbow
 13773 | Lab      | Identified the cursed -2 shortbow "Killer Klown's Peril" {velocity, +Fly} (You found it in a labyrinth)
 13813 | Lab      | Learned a level 3 spell: Passwall
 13961 | Lair:1   | Entered Level 1 of the Lair of Beasts
 13974 | Lair:1   | Reached skill level 1 in Transmutations
 13981 | Lair:1   | Got a warped glass ring
 13982 | Lair:1   | Identified the cursed ring of Eternity {rPois Int+3 Dex-2} (You found it on level 1 of the Lair of Beasts)
 14210 | Lair:1   | Identified a cursed +3 rod of ignition (12/12) (You found it in a labyrinth)
 15031 | Lair:2   | Reached skill level 1 in Armour
 15174 | Lair:2   | Found a shattered altar of Ashenzari.
 15471 | Lair:2   | Noticed Fannar
 15474 | Lair:2   | Killed Fannar
 15474 | Lair:2   | Received a gift from Sif Muna
 15475 | Lair:2   | Identified Sif Muna's Reference Book on Creative Ice (Sif Muna gifted it to you on level 2 of the Lair of Beasts)
 15925 | Lair:2   | Reached skill level 1 in Earth Magic
 17089 | Lair:3   | Reached XP level 12. HP: 72/74 MP: 25/25
 17093 | Lair:3   | Learned a level 1 spell: Summon Butterflies
 17480 | Lair:4   | Got a brightly glowing leather armour
 17491 | Lair:4   | Identified the cursed -1 leather armour "Utarokau" {SInv} (You found it on level 4 of the Lair of Beasts)
 17507 | Lair:4   | Noticed a six-headed hydra
 17522 | Lair:4   | Killed a six-headed hydra
 17715 | Lair:4   | Found a staircase to the Shoals.
 18853 | Lair:5   | Found a dark tunnel.
 18863 | Volcano  | Entered a volcano
 19449 | Volcano  | Reached skill level 5 in Invocations
 19454 | Volcano  | Reached skill level 5 in Armour
 19830 | Lair:5   | Found a staircase to the Swamp.
 19902 | Lair:5   | Noticed an eight-headed hydra
 19909 | Lair:5   | Killed an eight-headed hydra
 19912 | Lair:5   | Reached skill level 13 in Summonings
 20888 | Lair:6   | Found a hole to the Spider Nest.
 21760 | Lair:7   | Noticed a seven-headed hydra
 21765 | Lair:7   | Killed a seven-headed hydra
 22134 | Lair:7   | Reached XP level 13. HP: 73/79 MP: 11/25
 22149 | Lair:7   | Found a staircase to the Slime Pits.
 22904 | Lair:8   | Entered Level 8 of the Lair of Beasts
 23505 | Lair:8   | Received a gift from Sif Muna
 23545 | Lair:8   | Identified Sif Muna's Reference Book on Curses (Sif Muna gifted it to you on level 8 of the Lair of Beasts)
 24756 | Lair:8   | Learned a level 5 spell: Summon Mana Viper
 25229 | D:12     | Noticed a five-headed hydra
 25241 | D:12     | Noticed a four-headed hydra
 25265 | D:12     | Killed a five-headed hydra
 25464 | D:12     | Killed a four-headed hydra
 26268 | D:13     | Noticed Maurice
 26281 | D:13     | Killed Maurice
 26765 | D:13     | Noticed Erica
 26777 | D:13     | Killed Erica
 26783 | D:13     | Reached skill level 1 in Polearms
 27086 | D:13     | Noticed Urug
 27099 | D:13     | Killed Urug
 27282 | D:13     | Reached XP level 14. HP: 85/85 MP: 29/29
 27301 | D:13     | You fall through a shaft for 2 floors!
 27301 | D:15     | Entered Level 15 of the Dungeon
 27344 | D:15     | Reached skill level 14 in Summonings
 28460 | D:15     | Found a staircase to the Depths.
 28480 | D:15     | Reached skill level 10 in Armour
 28881 | D:15     | Upgraded the game from 0.16-a0-2461-ge8ce426 to 0.16-a0-2558-g6680ffd
 28925 | D:14     | Noticed Azrael
 28939 | D:14     | Killed Azrael
 29176 | D:14     | Found a gate to the Vaults.
 29418 | D:14     | Reached skill level 5 in Polearms
 29684 | D:14     | Found Yvinasch's Magic Scroll Boutique.
 29719 | D:14     | Found a radiant altar of Vehumet.
 30271 | Orc:1    | Entered Level 1 of the Orcish Mines
 30397 | Orc:1    | Found a white marble altar of Elyvilon.
 31287 | Orc:2    | Noticed Erolcha
 31296 | Orc:2    | Killed Erolcha
 31304 | Orc:2    | Found Iluvisoi's Book Emporium.
 31384 | Orc:2    | Bought a manual of Polearms for 1104 gold pieces
 31384 | Orc:2    | Bought a Fen Folio for 750 gold pieces
 31809 | Orc:2    | Noticed Joseph
 31819 | Orc:2    | Killed Joseph
 31829 | Orc:2    | Found a burning altar of Makhleb.
 32402 | Orc:3    | Noticed Sonja
 32414 | Orc:3    | Killed Sonja
 32831 | Orc:3    | Found a staircase to the Elven Halls.
 33099 | Orc:4    | Entered Level 4 of the Orcish Mines
 33607 | Orc:4    | Found Zaqurad's Distillery.
 33607 | Orc:4    | Found Syraku's Armour Boutique.
 33607 | Orc:4    | Found Xysievv Blach's Antique Armour Shop.
 33629 | Orc:4    | Paralysed by an orc sorcerer for 3 turns
 33673 | Orc:4    | Found Unoutyno's Magic Scroll Boutique.
 33809 | Orc:4    | Noticed Nessos
 33832 | Orc:4    | Killed Nessos
 33964 | Orc:4    | Found a roughly hewn altar of Beogh.
 34672 | Swamp:1  | Entered Level 1 of the Swamp
 34757 | Swamp:1  | Noticed Louise
 34770 | Swamp:1  | Killed Louise
 34926 | Swamp:1  | Noticed Asterion
 34977 | Swamp:1  | Killed Asterion
 35162 | Swamp:1  | Noticed Maud
 35173 | Swamp:1  | Killed Maud
 35246 | Swamp:1  | Noticed Donald
 35287 | Swamp:1  | Killed Donald
 35287 | Swamp:1  | Received a gift from Sif Muna
 35288 | Swamp:1  | Identified Roxanne's Almanac of the Rocks (Sif Muna gifted it to you on level 1 of the Swamp)
 35310 | Swamp:1  | Got a shimmering shield {Donald}
 35316 | Swamp:1  | Identified the +1 shield "Veroets" {Str+3} (You took it off Donald on level 1 of the Swamp)
 35619 | Swamp:1  | Reached XP level 15. HP: 44/90 MP: 31/31
 36067 | Swamp:1  | Reached skill level 10 in Polearms
 38341 | Swamp:3  | Learned a level 5 spell: Summon Forest
 38675 | Swamp:3  | Reached skill level 1 in Translocations
 39176 | Swamp:3  | Learned a level 1 spell: Apportation
 39387 | Swamp:4  | Noticed a thorn hunter
 39397 | Swamp:4  | Killed a thorn hunter
 40617 | Swamp:4  | Noticed Norris
 40678 | Swamp:4  | Killed Norris
 41625 | Swamp:5  | Entered Level 5 of the Swamp
 42130 | Swamp:5  | Received a gift from Sif Muna
 42131 | Swamp:5  | Identified Sif Muna's Early Guide to Sorcery (Sif Muna gifted it to you on level 5 of the Swamp)
 42163 | Swamp:5  | Reached skill level 10 in Spellcasting
 42352 | Swamp:5  | Noticed the 27-headed Lernaean hydra
 42365 | Swamp:5  | Slain by the 27-headed Lernaean hydra

Action                   |  1- 3 |  4- 6 |  7- 9 | 10-12 | 13-15 || total
-------------------------+-------+-------+-------+-------+-------++-------
Melee: Unarmed           |    63 |       |       |       |       ||    63
       Dagger            |   100 |     1 |       |       |       ||   101
       Trident           |       |   104 |   348 |   757 |  1378 ||  2587
       Hand axe          |       |    26 |       |       |       ||    26
       Halberd           |       |       |       |       |   755 ||   755
 Fire: Shortbow          |       |       |    50 |    81 |     1 ||   132
 Cast: Summon Small Mamm |    11 |       |     5 |     4 |       ||    20
       Call Imp          |    17 |    14 |    25 |    22 |     6 ||    84
       Call Canine Famil |     1 |     7 |    25 |    63 |    55 ||   151
       Summon Ice Beast  |       |       |    14 |   200 |   387 ||   601
       Summon Guardian G |       |       |       |    35 |    40 ||    75
       Summon Lightning  |       |       |       |    17 |    42 ||    59
       Summon Butterflie |       |       |       |     1 |     3 ||     4
       Summon Mana Viper |       |       |       |       |   176 ||   176
       Summon Forest     |       |       |       |       |     9 ||     9
Invok: Channel Energy    |       |       |    17 |   176 |   416 ||   609
Evoke: Wand              |       |       |       |     8 |       ||     8
  Use: Potion            |     2 |     8 |    24 |   109 |   193 ||   336
       Scroll            |       |     7 |     9 |    15 |    30 ||    61
 Stab: Distracted        |     1 |       |     1 |     8 |    12 ||    22
       Sleeping          |     2 |     4 |     8 |    16 |     6 ||    36
       Petrified         |       |       |       |       |     1 ||     1
       Confused          |       |       |       |       |     3 ||     3
  Eat: Corpse            |    16 |    12 |    17 |    27 |    47 ||   119
